 Dungeon Crawl Stone Soup version 0.29.1-15-g9cfb28693d (webtiles) character file.

Game seed: 1826441014307390754

464 HakonGodeson the Sneak (level 6, -1/42 HPs)
             Began as a Draconian Enchanter on Apr 29, 2023.
             Was a Plaything of Xom.
             Slain by an ice beast (12 damage)
             ... on level 5 of the Dungeon.
             The game lasted 00:14:35 (4354 turns).

HakonGodeson the Sneak (Draconian Enchanter)        Turns: 4354, Time: 00:14:37

Health: -1/42      AC:  3    Str: 11    XL:     6   Next: 80%
Magic:  9/11       EV: 12    Int: 17    God:    Xom [......]
Gold:   149        SH:  0    Dex: 11    Spells: 4/12 levels left

rFire   . . .      SeeInvis .   i - +4 dagger
rCold   . . .      Faith    .   (no shield)
rNeg    . . .      Spirit   .   (body armour unavailable)
rPois   +          Reflect  .   (helmet restricted)
rElec   .          Harm     .   (no cloak)
rCorr   .          Rampage  .   (no gloves)
Will    .....                   (no boots)
Stlth   ++........              f - amulet of regeneration
HPRegen 0.94/turn               (no ring)
MPRegen 0.12/turn               (no ring)

@: corroded, slowed, very slow
A: AC +6, unfitting armour, cold-blooded, horns 1, frail 1, poison resistance,
shaggy fur 1, MP-powered wands
a: Renounce Religion


You were on level 5 of the Dungeon.
You worshipped Xom.
You were a very special plaything of Xom.
You visited 1 branch of the dungeon, and saw 6 of its levels.

You collected 149 gold pieces.

Inventory:

Hand Weapons
 a - a +1 dagger
 b - a +3 flail of chaos
 i - a +4 dagger (weapon)
 r - a +0 sling of flaming
Missiles
 l - 5 javelins
 n - 7 boomerangs (quivered)
Jewellery
 f - an amulet of regeneration (around neck)
Scrolls
 g - 2 scrolls of identify
 h - a scroll of enchant armour
Potions
 c - 2 potions of lignification {unknown}
 d - 2 potions of mutation {unknown}
 e - a potion of curing
 j - a potion of resistance {unknown}
 k - a potion of flight {unknown}
 m - 3 potions of berserk rage {unknown}
 o - 2 potions of might {unknown}
 p - a potion of brilliance {unknown}
 q - a potion of attraction {unknown}


   Skills:
 * Level 1.5 Fighting
 + Level 1.2(2.0) Short Blades
 * Level 2.2(2.4) Long Blades
 * Level 1.1 Maces & Flails
 * Level 0.3 Ranged Weapons
 * Level 1.1 Throwing
 * Level 2.3 Dodging
 * Level 3.7 Stealth
 * Level 3.7 Spellcasting
 * Level 3.4 Hexes
 * Level 1.0 Summonings
 * Level 1.4 Ice Magic


You had 4 spell levels left.
You knew the following spells:

 Your Spells              Type           Power      Damage    Failure   Level
a - Ensorcelled Hibernat  Hex/Ice        22%        N/A       9%          2
b - Tukima's Dance        Hex            15%        N/A       12%         3
c - Call Canine Familiar  Summ           6%         N/A       32%         3

Your spell library contained the following spells:

 Spells                   Type           Power      Damage    Failure   Level
 Confusing Touch          Hex            15%        N/A       12%         3
 Dazzling Flash           Conj/Hex       18%        N/A       24%         3
 Portal Projectile        Hex/Tloc       18%        N/A       24%         3
 Ozocubu's Armour         Ice            8%         N/A       26%         3
 Gell's Gravitas          Tloc           3%         N/A       43%         3
 Teleport Other           Tloc           3%         N/A       43%         3
 Leda's Liquefaction      Hex/Erth       4%         N/A       61%         4
 Iskenderun's Mystic Bla  Conj/Tloc      3%         2d3       85%         4
 Dispersal                Tloc           1%         N/A       100%        6
 Starburst                Conj/Fire      1%         6d3       100%        6
 Ozocubu's Refrigeration  Ice            4%         4d8       100%        7


Dungeon Overview and Level Annotations

Branches:
Dungeon (6/15)
 Temple: D:4-7

Altars:
Ashenzari
Dithmenos
Makhleb
Qazlal
Xom
Yredelemnul
Zin

Annotations:
D:5 Edmund
D:6 Grinder


Innate Abilities, Weirdness & Mutations

Your plain brown scales are hard. (AC +6)
You cannot fit into any form of body armour.
You are cold-blooded and may be slowed by cold attacks.
You have a pair of small horns on your head.
You are frail. (-10% HP)
Your system is resistant to poisons. (rPois)
You are covered in fur. (AC +1)
You expend magic power (3 MP) to strengthen your wands.


Message History

Unknown command.
Something hits you.
Deactivating autopickup; reactivate with Ctrl-A.
You climb upwards.
Level annotation: Edmund Reactivating autopickup.
There is a stone staircase leading down, spattered with blood here.
Something hits you.
Deactivating autopickup; reactivate with Ctrl-A.
Xom's power touches on a nearby monster.
Edmund appears out of thin air!
Reactivating autopickup.
i - a +4 dagger (weapon)
Casting: Ensorcelled Hibernation (safe; 9% risk of failure)
Confirm with . or Enter, or press ? or * to list all spells.
Aiming: Ensorcelled Hibernation (safe; 9% risk of failure)
Press: ? - help, Shift-Dir - straight line, f - Edmund
Aim: Edmund the acid dragon (chance to affect: 45%) Edmund looks drowsy...
Edmund fails to defend itself.
You impale Edmund!! You tail-slap Edmund.
Edmund is almost dead. "Get over here!"
Edmund blinks!
Edmund spits acid at you. The splash of acid hits you!!
* * * LOW HITPOINT WARNING * * *
The acid corrodes you!
You feel better. The ice beast hits you.
* * * LOW HITPOINT WARNING * * *
The ice beast freezes you!
You feel yourself slow down.
* * * LOW HITPOINT WARNING * * *
Unknown command.
The ice beast hits you but does no damage.
You feel better.
You feel yourself speed up. The ice beast hits you.
* * * LOW HITPOINT WARNING * * *
The ice beast freezes you!
You feel yourself slow down.
You die...
Xom cackles wildly!

### ..# #.#
# .....
#.#.# #
#.#.#
#.##D#.#
#..@...#
####Y..#
#)..#
##...##
#>....#
#.........
#....##...
..........
.#..#.###..


You could see Edmund the acid dragon (catching breath) and an ice beast.

Vanquished Creatures
  3 scorpions
  A hound (D:4)
  2 orc wizards (D:4)
  A gnoll (D:1)
  An adder (D:2)
  A dart slug (D:2)
  10 orcs
  4 endoplasms
  7 goblins
  6 hobgoblins
  2 jackals (D:1)
  2 kobolds
  7 quokkas
  6 ball pythons
  3 bats
  4 frilled lizards
  5 rats
65 creatures vanquished.

Vanquished Creatures (collateral kills)
  An ogre (D:4)
  4 gnolls (D:3)
  A hobgoblin (D:2)
6 creatures vanquished.

Vanquished Creatures (others)
  A dancing weapon (D:4)
1 creature vanquished.

Grand Total: 72 creatures vanquished

Notes
Turn   | Place    | Note
-------+----------+-------------------------------------------
     0 | D:1      | HakonGodeson the Draconian Enchanter began the quest for
                  | the Orb.
     0 | D:1      | Reached XP level 1. HP: 14/14 MP: 3/3
   509 | D:1      | Reached XP level 2. HP: 16/20 MP: 5/5
   512 | D:1      | Learned a level 2 spell: Ensorcelled Hibernation
   596 | D:1      | Found a faded altar of an unknown god.
   641 | D:1      | Prayed at the altar of an unknown god.
   641 | D:1      | Became a worshipper of Xom the Random Number God
   700 | D:1      | XOM: silly message
   866 | D:1      | XOM: smoke on damage
  1233 | D:2      | Reached XP level 3. HP: 26/26 MP: 1/7
  1237 | D:2      | Learned a level 3 spell: Tukima's Dance
  1419 | D:2      | XOM: give mutations
  1419 | D:2      | Gained mutation: You expend magic power (3 MP) to
                  | strengthen your wands. [Xom's grace]
  1419 | D:2      | Gained mutation: Your system is resistant to poisons.
                  | (rPois) [Xom's grace]
  1419 | D:2      | Gained mutation: You are partially covered in large bone
                  | plates. (SH +4) [Xom's grace]
  1570 | D:2      | XOM: give mutations
  1570 | D:2      | Gained mutation: You are covered in fur. (AC +1) [Xom's
                  | grace]
  1570 | D:2      | Gained mutation: You have a pair of small horns on your
                  | head. [Xom's grace]
  1633 | D:2      | Found a broken altar of Ashenzari.
  1856 | D:2      | XOM: silly message
  1958 | D:2      | XOM: polymorph adder -> kobold
  2221 | D:2      | XOM: give mutation
  2221 | D:2      | Gained mutation: You are frail. (-10% HP) [Xom's mischief]
  2502 | D:3      | Found a basalt altar of Yredelemnul.
  2502 | D:3      | Found a stormy altar of Qazlal.
  2503 | D:3      | Found a shimmering altar of Xom.
  2503 | D:3      | Found a shadowy altar of Dithmenos.
  2571 | D:3      | XOM: summons 3 friendly demons
  2576 | D:3      | Reached skill level 1 in Long Blades
  2580 | D:3      | Reached XP level 4. HP: 29/29 MP: 3/8
  2597 | D:3      | Learned a level 3 spell: Call Canine Familiar
  2876 | D:3      | XOM: give mutations
  2876 | D:3      | Gained mutation: Your body sometimes deteriorates upon
                  | taking damage. [Xom's mischief]
  2876 | D:3      | Lost mutation: You are partially covered in large bone
                  | plates. (SH +4) [Xom's mischief]
  3229 | D:3      | XOM: divination: detect items
  3315 | D:3      | XOM: silly message
  3360 | D:3      | XOM: noise
  3455 | D:3      | XOM: give mutation
  3455 | D:3      | Lost mutation: Your body sometimes deteriorates upon taking
                  | damage. [Xom's mischief]
  3550 | D:4      | Reached XP level 5. HP: 35/35 MP: 2/9
  3627 | D:4      | Found a burning altar of Makhleb.
  3632 | D:4      | XOM: chaos upgrade
  3835 | D:4      | Found a glowing silver altar of Zin.
  3836 | D:4      | Noticed a balrug
  3836 | D:4      | Noticed an angel
  3885 | D:4      | Reached skill level 1 in Fighting
  3885 | D:4      | Reached skill level 1 in Ice Magic
  3988 | D:4      | XOM: silly message
  4042 | D:4      | Noticed an ogre
  4048 | D:4      | Killed an ogre
  4049 | D:4      | Reached skill level 1 in Throwing
  4049 | D:4      | Reached XP level 6. HP: 32/42 MP: 0/11
  4171 | D:4      | You fall into a shaft and drop 2 floors!
  4213 | D:6      | Reached skill level 1 in Maces & Flails
  4270 | D:6      | Noticed Grinder
  4272 | D:6      | XOM: stat loss: -1 Dex (10/11)
  4275 | D:6      | XOM: 5-stop teleportation journey
  4299 | D:6      | Reached skill level 1 in Summonings
  4319 | D:6      | XOM: summons 4 hostile demons
  4320 | D:6      | Noticed a soul eater
  4327 | D:6      | XOM: swap monsters
  4328 | D:6      | XOM: 2-stop teleportation journey
  4338 | D:5      | Entered Level 5 of the Dungeon
  4338 | D:5      | Noticed Edmund
  4340 | D:5      | Noticed an ice beast
  4348 | D:5      | Noticed Edmund
  4348 | D:5      | XOM: polymorph something unseen -> Edmund the acid dragon
  4351 | D:5      | XOM: blink monster(s)
  4354 | D:5      | Slain by an ice beast

Illustrated notes

Levels and vault maps discovered:
D:1:      sevenhm_arrival_forest_fort_small_6, layout_basic,
          hellmonk_ecumenical_altar_dog_temple
D:2:      layout_basic, basic_altar, supply_closet_lemuel
D:3:      layout_loops_cross, chequers_temple_overflow_statue_of_worship
D:4:      layout_basic, grunt_temple_overflow_order_and_chaos_2, temple_green
D:5:      layout_basic, lemuel_round_altar, serial_shops, nicolae_shop_trees,
          uniq_edmund
D:6:      corexii_shack_village, layout_basic, uniq_grinder

Skill      XL: |  1  2  3  4  5  6 |
---------------+-------------------+-----
Stealth        | 3 |  3.7
Long Blades    | 1 2 |  2.2
Spellcasting   | 3 |  3.7
Dodging        | 2 |  2.3
Hexes          | 3 |  3.4
Fighting       | 1 |  1.5
Ice Magic      | 1 |  1.4
Throwing       | 1 |  1.1
Maces & Flails | 1 |  1.1
Summonings     | 1 |  1.0
Short Blades   | |  1.2
Ranged Weapons | |  0.3

Action                   |  1- 3 |  4- 6 || total
-------------------------+-------+-------++-------
Melee: Dagger            |    76 |    56 ||   132
       Tailslap          |     6 |    12 ||    18
       Headbutt          |       |    12 ||    12
       Punch             |       |     1 ||     1
       Flail             |       |    26 ||    26
 Fire: Sling             |       |     7 ||     7
Throw: Javelin           |     1 |     7 ||     8
       Boomerang         |       |     4 ||     4
 Cast: Ensorcelled Hiber |    23 |    20 ||    43
       Tukima's Dance    |     2 |    13 ||    15
       Call Canine Famil |       |     1 ||     1
  Use: Potion            |     1 |     4 ||     5
       Scroll            |     5 |     1 ||     6
 Stab: Sleeping          |    20 |    11 ||    31
       Invisible         |       |     1 ||     1
Armor: Skin              |    19 |    52 ||    71
Dodge: Dodged            |    56 |    57 ||   113
